 Dungeon Crawl Stone Soup version 0.25.0-10-g039870ee82 (webtiles) character file.

Game seed: 13925687979046560717

162 Lepercus the Firebug (level 4, -2/33 HPs)
             Began as a Demigod Fire Elementalist on June 23, 2020.
             Killed by nerve-wracking pain
             ... invoked by an orc priest
              (8 damage)
             ... on level 3 of the Dungeon.
             The game lasted 00:21:33 (1723 turns).

Lepercus the Firebug (Demigod Fire Elementalist)    Turns: 1723, Time: 00:21:34

Health: -2/33      AC:  4    Str: 11    XL:     4   Next: 99%
Magic:  2/10       EV: 13    Int: 21    God:
Gold:   95         SH:  0    Dex: 16    Spells: 3/7 levels left

rFire    . . .     SeeInvis .   (no weapon)
rCold    . . .     Gourm    .   (no shield)
rNeg     . . .     Faith    .   a - +1 robe
rPois    .         Spirit   .   (no helmet)
rElec    .         Reflect  .   (no cloak)
rCorr    +         Harm     .   h - +0 pair of gloves
MR       .....                  (no boots)
Stlth    ++........             (no amulet)
HPRegen  0.11/turn              (no ring)
MPRegen  0.12/turn              k - ring of resist corrosion

@: no status effects
A: high mp 1
a: no special abilities


You were on level 3 of the Dungeon.
You were not hungry.

You visited 1 branch of the dungeon, and saw 3 of its levels.

You collected 95 gold pieces.

Inventory:

Armour
 a - a +1 robe (worn)
 h - a +0 pair of gloves (worn)
Jewellery
 k - a ring of resist corrosion (right hand)
Scrolls
 f - 2 scrolls of fog
 i - 4 scrolls of remove curse
 m - a scroll of immolation
 n - a scroll of enchant armour
Potions
 b - 2 potions of degeneration
 d - a potion of heal wounds
 e - a potion of might {unknown}
 g - a potion of lignification {unknown}
 j - 3 potions of curing
Comestibles
 c - 6 rations
 l - 5 chunks of flesh


   Skills:
 + Level 2.4 Dodging
 + Level 2.7 Stealth
 - Level 0.1 Unarmed Combat
 + Level 2.4 Spellcasting
 + Level 1.8 Conjurations
 * Level 3.8 Fire Magic


You had 3 spell levels left.
You knew the following spells:

 Your Spells              Type           Power        Failure   Level  Hunger
a - Foxfire               Conj/Fire      ##..         4%          1    None
b - Conjure Flame         Conj/Fire      ##......     13%         3    ###....

Your spell library contained the following spells:

 Spells                   Type           Power        Failure   Level  Hunger
 Animate Skeleton         Necr           N/A          14%         1    None
 Corona                   Hex            #......      14%         1    None
 Pain                     Necr           #...         14%         1    None
 Inner Flame              Hex/Fire       ##......     19%         3    ###....
 Ensorcelled Hibernation  Hex/Ice        #.....       22%         2    ##.....
 Dazzling Flash           Conj/Hex       #.....       28%         3    ###....
 Confusing Touch          Hex            #.......     38%         3    ###....
 Tukima's Dance           Hex            #.......     38%         3    ###....
 Vampiric Draining        Necr           #.........   38%         3    ###....
 Sticky Flame             Conj/Fire      ##......     41%         4    ####...
 Fireball                 Conj/Fire      ##........   77%         5    ######.
 Animate Dead             Necr           N/A          80%         4    ####...
 Agony                    Necr           #.......     98%         5    ######.


Dungeon Overview and Level Annotations

Branches:
Dungeon (3/15)

Portals:
Sewer: D:3


Innate Abilities, Weirdness & Mutations

You have an increased reservoir of magic. (+10% MP)


Message History

The foxfire hits the orc priest but does no damage. x2
The orc priest hits you with a +0 club.
* * * LOW HITPOINT WARNING * * *
Casting: Foxfire (safe; 4% risk of failure)
Confirm with . or Enter, or press ? or * to list all spells.
You conjure some foxfire!
The orc priest misses you.
You hit the orc priest.
The orc priest is moderately wounded.
The foxfire hits the orc priest but does no damage.
The orc priest is moderately wounded.
The foxfire hits the orc priest but does no damage.
The orc priest is moderately wounded.
The orc priest hits you with a +0 club.
* * * LOW HITPOINT WARNING * * *
Casting: Foxfire (safe; 4% risk of failure)
Confirm with . or Enter, or press ? or * to list all spells.
You conjure some foxfire!
The orc priest mumbles some strange prayers to Beogh against you.
Pain shoots through your body!
You die...

####.....#..........#..#
... #.##......###.#.....#
.... #.##.÷..............
...
.......................
.......##..............
.......##.............
############............ #
.#
...............[§.........
..
........#####..v@.#####..
.######## #....v.o.....#
## #.#..#..≈#...#.# #
#....≈≈≈≈)...... .#
#..#≈≈≈≈≈)≈#.#. ...
#...≈≈≈≈≈)≈..# ###.
#...≈≈≈∩≈≈≈...# #
##..≈≈≈≈†≈≈≈...#
#.#≈≈≈≈≈≈≈#....


You could see an orc priest.

Vanquished Creatures
  An orc priest (D:3)
  Jessica (D:3)
  4 adders (D:2)
  5 worms
  A dart slug (D:3)
  A leopard gecko (D:2)
  2 orcs (D:3)
  7 goblins
  4 hobgoblins
  8 jackals
  A quokka (D:2)
  A ball python skeleton (D:2)
  4 bats
  2 frilled lizards (D:2)
  3 kobolds
  7 rats
52 creatures vanquished.

Vanquished Creatures (collateral kills)
  A rat (D:2)
1 creature vanquished.

Vanquished Creatures (others)
  148 foxfires
148 creatures vanquished.

Grand Total: 201 creatures vanquished

Notes
Turn   | Place    | Note
-------+----------+-------------------------------------------
     0 | D:1      | Lepercus the Demigod Fire Elementalist began the quest for
                  | the Orb.
     0 | D:1      | Reached XP level 1. HP: 14/14 MP: 5/5
   483 | D:2      | Reached XP level 2. HP: 19/20 MP: 5/7
   507 | D:2      | Reached skill level 1 in Conjurations
   507 | D:2      | Reached skill level 3 in Fire Magic
   681 | D:2      | Reached XP level 3. HP: 12/26 MP: 5/8
  1386 | D:3      | Noticed Jessica
  1398 | D:3      | Killed Jessica
  1398 | D:3      | Reached XP level 4. HP: 32/33 MP: 6/10
  1430 | D:3      | Learned a level 3 spell: Conjure Flame
  1683 | D:3      | Found a glowing drain.
  1723 | D:3      | Killed from afar by an orc priest

Illustrated notes

Levels and vault maps discovered:
D:1:      ncdulo_wetmaze, layout_basic
D:2:      layout_loops_ring, uniq_crazy_yiuf_cottage
D:3:      layout_rooms, cheibrodos_sewer_entry_drain, first_ration, uniq_jessica

Skill      XL: |  1  2 |
---------------+-------+-----
Stealth        | 2 |  2.7
Dodging        | 2 |  2.4
Conjurations   | 1 |  1.8
Fire Magic     | 3 |  3.8
Spellcasting   | 2 |  2.4
Unarmed Combat | |  0.1

Action                   |  1- 3 |  4- 6 || total
-------------------------+-------+-------++-------
Melee: Unarmed           |    22 |    19 ||    41
 Cast: Foxfire           |    55 |    30 ||    85
  Use: Scroll            |    10 |     2 ||    12
       Potion            |     1 |       ||     1
 Stab: Sleeping          |     1 |       ||     1
  Eat: Ration            |     1 |       ||     1
       Chunk             |     1 |       ||     1
Armor: Robe              |    15 |     8 ||    23
Dodge: Dodged            |    74 |    29 ||   103
